Map: [ESL] Crimson Court

Players

milkicow

  • Race: Terran Terran
  • Spawn Location: 1:00

Clem - Winner!

  • Race: Terran Terran
  • Spawn Location: 7:00

Event: ESL SC2 Masters 2024 Spring (Regional)

VOD

Have the link to the VOD?

Description

Time

  • Played on: April 10, 2024, 10:36 a.m.
  • Length: 8:07

All games in this series

Show
View Real Time Build Order
Export as new Build Order

milkicow Terran 

Build Orders:  

Get SALT Encoding   

  12  0:00  SCV  
  13  0:12  SCV  
  14  0:17  Supply Depot  
  14  0:24  SCV  
  15  0:40  Barracks  
  15  0:44  Refinery  
  15  0:55  Barracks  
  15  0:59  SCV  
  16  1:12  SCV  
  17  1:27  Orbital Command, Reaper  
  18  1:36  Refinery  
  18  1:44  Reaper  
  19  1:53  SCV  
  19  1:54  Supply Depot  
  20  2:01  Reaper  
  20  2:05  SCV  
  22  2:17  SCV  
  22  2:21  Factory  
  23  2:29  SCV  
  24  2:34  Reaper  
  25  2:41  SCV  
  25  2:47  Reaper  
  25  2:48  Supply Depot  
  26  2:56  SCV  
  26  2:59  Command Center  
  26  3:08  SCV  
  26  3:09  Factory Reactor  
  27  3:20  SCV  
  28  3:31  Command Center  
  28  3:33  SCV  
  29  3:43  Starport  
  29  3:47  Cyclone  
  31  3:48  SCV  
  32  3:58  Cyclone  
  34  4:07  SCV  
  34  4:19  SCV, Cyclone  
  37  4:26  Viking  
  39  4:31  SCV, Orbital Command  
  38  4:38  Cyclone  
  38  4:43  SCV  
  38  4:44  Refinery  
  41  4:50  Barracks Tech Lab  
  41  4:52  SCV  
  39  5:00  SCV  
  39  5:02  SCV, Cyclone  
  42  5:10  Cyclone  
  43  5:19  SCV x2, Orbital Command  
  44  5:24  Raven  
  44  5:26  Interference Matrix  
  46  5:31  SCV  
  46  5:32  SCV  
  48  5:37  Barracks Tech Lab, Cyclone  
  50  5:43  SCV  
  50  5:44  SCV  
  50  5:45  SCV  
  50  5:47  Bunker  
  53  5:55  SCV, Supply Depot  
  53  5:56  SCV  
  55  5:57  SCV  
  55  5:59  Raven  
  58  6:04  Barracks  
  58  6:06  Barracks, Refinery  
  58  6:07  Supply Depot  
  58  6:08  SCV  
  59  6:14  SCV, Marine  
  59  6:15  Marine  
  62  6:19  Siege Tank  
  62  6:22  SCV  
  63  6:28  SCV  
  63  6:29  SCV  
  63  6:32  Marine x2  
  64  6:33  Raven  
  64  6:34  SCV  
  57  6:40  SCV  
  57  6:42  SCV  
  57  6:46  SCV  
  59  6:50  Marine x2  
  59  6:52  SCV, Barracks Tech Lab  
  59  6:54  SCV  
  63  6:58  SCV  
  63  7:00  Siege Tank  
  67  7:04  SCV  
  67  7:06  SCV  
  67  7:07  Marine  
  67  7:08  Marine  
  70  7:10  SCV, Engineering Bay  
  70  7:11  Engineering Bay  
  70  7:13  Marine  
  73  7:17  SCV  
  73  7:18  SCV  
  75  7:23  SCV  
  75  7:25  Marine  
  75  7:27  Starport Reactor, Orbital Command, Marine  
  79  7:30  Marine  
  79  7:35  SCV, Marine  
  85  7:41  SCV  
  85  7:42  Supply Depot x2  
Show
View Real Time Build Order
Export as new Build Order

Clem Terran - Winner!

Build Orders: Mech 

Get SALT Encoding   

  12  0:00  SCV  
  13  0:12  SCV  
  14  0:16  Supply Depot  
  14  0:24  SCV  
  15  0:38  SCV  
  15  0:39  Barracks  
  16  0:42  Refinery  
  16  0:50  SCV  
  16  0:52  Refinery  
  17  1:02  SCV  
  18  1:14  SCV  
  19  1:26  Orbital Command, Reaper  
  19  1:31  Supply Depot  
  20  1:41  Factory  
  20  1:52  SCV  
  21  1:58  Reaper  
  22  2:04  SCV  
  23  2:16  SCV  
  24  2:25  Hellion  
  26  2:30  Marine  
  26  2:32  SCV  
  28  2:41  Supply Depot  
  27  2:44  SCV  
  27  2:47  Command Center, Hellion  
  31  2:56  Barracks Reactor  
  30  2:59  Starport  
  30  3:03  SCV  
  31  3:10  Cyclone  
  33  3:15  SCV  
  33  3:18  Supply Depot  
  34  3:27  SCV  
  35  3:36  Medivac  
  35  3:39  SCV, Marine  
  39  3:44  Cyclone  
  39  3:46  Supply Depot  
  41  3:51  SCV  
  42  3:58  Barracks Tech Lab  
  42  4:00  Orbital Command  
  42  4:03  SCV  
  43  4:10  Refinery  
  43  4:14  Orbital Command  
  43  4:15  SCV  
  44  4:26  Cyclone x2  
  44  4:28  SCV  
  49  4:32  Raven  
  49  4:35  Barracks Tech Lab  
  51  4:40  SCV x2  
  53  4:45  Interference Matrix, Supply Depot  
  53  4:52  SCV x2  
  51  5:02  Cyclone x2  
  51  5:04  SCV x2  
  57  5:09  Raven  
  58  5:15  Command Center  
  58  5:17  SCV  
  58  5:18  Refinery  
  59  5:26  SCV, Factory  
  60  5:29  SCV  
  61  5:38  SCV  
  61  5:41  SCV, Engineering Bay  
  63  5:43  Siege Tank  
  63  5:44  Supply Depot  
  66  5:50  SCV  
  66  5:51  Viking  
  66  5:53  SCV  
  66  5:55  Viking  
  72  6:02  SCV  
  73  6:05  SCV  
  73  6:06  Supply Depot  
  74  6:14  SCV, Supply Depot  
  74  6:15  Siege Tank  
  78  6:21  SCV  
  78  6:23  Siege Tank  
  78  6:24  Refinery  
  82  6:27  SCV, Refinery  
  82  6:29  Viking  
  85  6:35  Viking  
  85  6:39  SCV  
  86  6:41  SCV  
  87  6:48  Siege Tank  
  87  6:50  Supply Depot  
  87  6:51  SCV  
  87  6:53  SCV, Orbital Command  
  92  7:03  SCV  
  92  7:04  Viking  
  92  7:05  SCV, Viking  
  92  7:07  Siege Tank  
  101  7:13  Factory  
  101  7:15  SCV  
  102  7:17  SCV  
  102  7:18  Supply Depot  
  102  7:19  SCV  
  102  7:21  Barracks Reactor  
  104  7:27  SCV  
  104  7:29  SCV, Missile Turret  
  106  7:31  Missile Turret  
  106  7:32  SCV, Siege Tank  
  110  7:38  Supply Depot  
  110  7:39  SCV  
  110  7:41  SCV  
  110  7:43  Sensor Tower  
  115  7:45  SCV  
  120  7:52  SCV  
  120  7:54  SCV  
Tags
 
Add a new tag
Caveats
  • Supply blocks, unpowered buildings, or Contaminate may cause inaccurate times.
  • Supply counts are checked every 10 seconds.